 Dungeon Crawl Stone Soup version 0.30.0-29-ga12c61a403 (webtiles) character file.

Game seed: 15476185538278266349

11463 Fodor the Basher (level 11, -4/95 HPs)
             Began as a Minotaur Fighter on June 14, 2023.
             Was an Initiate of Gozag.
             Killed from afar by an electric eel (8 damage)
             ... with a bolt of electricity
             ... on level 8 of the Dungeon.
             The game lasted 00:48:20 (9761 turns).

Fodor the Basher (Minotaur Fighter)                 Turns: 9761, Time: 00:48:21

Health: -4/95      AC: 17    Str: 23    XL:     11   Next: 49%
Magic:  10/10      EV: 12    Int:  5    God:    Gozag
Gold:   962        SH: 15    Dex: 12    Spells: 10/10 levels left

rFire   + + .        h - +1 whip (drain)
rCold   x . .        z - +4 kite shield
rNeg    . . .        x - +3 scale mail {rF+}
rPois   +            (helmet restricted)
rElec   .            (no cloak)
rCorr   .            l - +2 pair of gloves
SInv    .            r - +1 pair of boots
Will    .....        (no amulet)
Stlth   +            a - ring of poison resistance
HPRegen 0.35/turn    B - ring of fire
MPRegen 0.12/turn

%: no passive effects
@: no status effects
A: horns 2, retaliatory headbutt
a: Renounce Religion, Potion Petition, Call Merchant, Bribe Branch


You were on level 8 of the Dungeon.
You worshipped Gozag.
Gozag was pleased with you.
You visited 1 branch of the dungeon, and saw 8 of its levels.
You also visited: Ossuary.

You collected 1760 gold pieces.
You spent 740 gold pieces at shops.
You paid 58 gold pieces to Gozag.

Inventory:

Hand Weapons
 f - a +0 war axe of electrocution
 h - a +1 whip of draining (weapon)
 A - a +0 shortbow
Missiles
 i - 35 stones (quivered)
Armour
 l - a +2 pair of gloves (worn)
 r - a +1 pair of boots (worn)
 x - a +3 scale mail of fire resistance (worn)
 z - a +4 kite shield (worn)
Jewellery
 a - a ring of poison resistance (left hand)
 B - a ring of fire (right hand)
Wands
 s - a wand of iceblast (2)
 v - a wand of digging (5)
Scrolls
 c - 2 scrolls of summoning {unknown}
 g - 7 scrolls of teleportation
 m - 2 scrolls of fear
 w - 3 scrolls of enchant weapon
 y - 3 scrolls of fog
 C - a scroll of amnesia {unknown}
 D - a scroll of poison {unknown}
 F - 2 scrolls of blinking
Potions
 b - 2 potions of haste
 d - a potion of brilliance
 e - 5 potions of curing
 j - a potion of lignification
 k - 2 potions of mutation
 n - 5 potions of heal wounds
 o - 2 potions of flight
 p - 2 potions of attraction {unknown}
 q - 3 potions of might
 u - 4 potions of resistance
 E - a potion of berserk rage


   Skills:
 + Level 8.8 Fighting
 + Level 3.7 Long Blades
 + Level 1.4(7.1) Axes
 + Level 10.9(11.0) Maces & Flails
 + Level 3.2 Throwing
 + Level 10.1 Armour
 + Level 7.1 Dodging
 + Level 4.2 Stealth
 + Level 9.8 Shields
 + Level 0.6 Evocations


You had 10 spell levels left.
You didn't know any spells.
Your spell library contained the following spells:

 Spells                   Type           Power      Damage    Failure   Level
 Magic Dart               Conj           0%         1d3       90%         1
 Call Imp                 Summ           0%         N/A       97%         2
 Inner Flame              Hex/Fire       0%         N/A       99%         3
 Mephitic Cloud           Conj/Pois/Air  0%         N/A       99%         3
 Anguish                  Hex/Necr       0%         N/A       100%        4
 Cause Fear               Hex            0%         N/A       100%        4
 Flame Wave               Conj/Fire      0%         2d4       100%        4
 Sticky Flame             Conj/Fire      0%         2d3       100%        4
 Enfeeble                 Hex            0%         N/A       100%        7


Dungeon Overview and Level Annotations

Branches:
Dungeon (8/15)             Temple (0/1) D:6         Ossuary (visited)
   Lair: D:8-11

Altars:
Ashenzari
Elyvilon
Gozag
Nemelex Xobeh
Qazlal
Ru
Sif Muna
Trog
Uskayaw
Yredelemnul
The Shining One

Shops:
D:3 [   D:8 !


Innate Abilities, Weirdness & Mutations

You have a pair of horns on your head.
You reflexively headbutt those who attack you in melee.


Message History

You miss the electric eel. You hit the electric eel.
You headbutt the electric eel!
The electric eel is almost dead.
You closely miss the electric eel. You headbutt the electric eel.
You kill the electric eel!
You now have 962 gold pieces (gained 8).
Why would you want to do that? Why would you want to do that?
The electric eel shoots out a bolt of lightning at you!
The bolt of electricity hits you.
You enter the shallow water.
Moving in this stuff is going to be slow.
The electric eel shoots out a bolt of lightning at you!
The bolt of electricity hits you!
The electric eel shoots out a bolt of lightning at you!
The bolt of electricity hits you!
The electric eel shoots out a bolt of lightning at you!
The bolt of electricity hits you.
The electric eel shoots out a bolt of lightning at you!
The bolt of electricity hits you!
The electric eel shoots out a bolt of lightning at you!
The bolt of electricity hits you!
The electric eel shoots out a bolt of lightning at you!
The bolt of electricity hits you!
The electric eel shoots out a bolt of lightning at you!
The bolt of electricity hits you.
The electric eel shoots out a bolt of lightning at you!
The bolt of electricity hits you!
* * * LOW HITPOINT WARNING * * *
The electric eel shoots out a bolt of lightning at you!
The bolt of electricity hits you!
* * * LOW HITPOINT WARNING * * *
The electric eel shoots out a bolt of lightning at you!
The bolt of electricity hits the electric eel.
The electric eel completely resists.
The bolt of electricity hits you!
* * * LOW HITPOINT WARNING * * *
The electric eel shoots out a bolt of lightning at you!
The bolt of electricity hits you!
You die...
Your body crumbles into a pile of gold.

..............##....
.......#...#.........##...)
.~.........................
..~~.......................
...........................
..~~(...................~~~
..~~SS........~~≈.......~~.
.............~~~≈~~........
..........@...~≈≈≈~~.......
...~~~~~~.....~≈≈≈≈≈.......
...~~≈≈~~..!..~~≈≈≈~.......
..~≈≈≈≈~.......~≈≈≈~.......
..~~~≈~~.......~~~.........
...........................
...........................
...........................
.........~~$.....<.).......


You could see 2 electric eels.

Vanquished Creatures
  A two-headed ogre (D:8)
  A gargoyle (D:7)
  A hornet (D:7)
  Grinder (D:5)
  4 steam dragons
  2 water moccasins (D:7)
  Duvessa (D:7)
  An ice beast (D:5)
  An orc warrior (D:7)
  A hornet zombie (Ossuary)
  A sky beast (D:7)
  2 ogres
  5 centaurs
  2 phantoms
  A kobold brigand (D:7)
  2 bullfrogs
  2 wyvern zombies (Ossuary)
  A gnoll sergeant (D:7)
  5 scorpions
  4 water moccasin zombies (Ossuary)
  2 wights (D:7)
  Dowan (D:7)
  2 electric eels (D:8)
  A howler monkey (D:7)
  3 bullfrog zombies (Ossuary)
  4 centaur zombies (Ossuary)
  Crazy Yiuf (D:5)
  3 orc priests
  6 hounds
  4 jellies
  2 gnoll boudas
  Terence (D:3)
  Jessica (D:3)
  Ijyb (D:3)
  8 iguanas
  3 sleepcaps
  3 orc wizards
  A killer bee zombie (Ossuary)
  11 mummies (Ossuary)
  3 howler monkey zombies (Ossuary)
  4 gnolls
  6 adders
  2 shadow imps (D:7)
  2 white imps
  2 ufetubi
  2 worms (D:2)
  A dart slug (D:5)
  29 orcs
  6 bats
  11 endoplasms
  4 giant cockroaches
  11 hobgoblins
  2 jackals (D:3)
  A quokka (D:2)
  7 ball pythons
  5 frilled lizards
  7 goblins
  14 kobolds
  8 rats
224 creatures vanquished.

Vanquished Creatures (others)
  2 white imps (D:8)
2 creatures vanquished.

Grand Total: 226 creatures vanquished

Notes
Turn   | Place    | Note
-------+----------+-------------------------------------------
     0 | D:1      | Fodor the Minotaur Fighter began the quest for the Orb.
     0 | D:1      | Reached XP level 1. HP: 19/19 MP: 0/0
   194 | D:1      | Reached XP level 2. HP: 27/27 MP: 1/1
   475 | D:1      | Reached XP level 3. HP: 33/33 MP: 2/2
  1379 | D:2      | Reached XP level 4. HP: 34/40 MP: 3/3
  1811 | D:3      | Reached skill level 1 in Maces & Flails
  1811 | D:3      | Reached skill level 1 in Dodging
  1895 | D:3      | Found Ovvewnu's Antique Armour Shoppe.
  2156 | D:3      | Found a hide-covered altar of Uskayaw.
  2156 | D:3      | Found a sacrificial altar of Ru.
  2156 | D:3      | Found a stormy altar of Qazlal.
  2156 | D:3      | Found a bloodstained altar of Trog.
  2174 | D:3      | Found a white marble altar of Elyvilon.
  2180 | D:3      | Found an opulent altar of Gozag.
  2193 | D:3      | Became a worshipper of Gozag Ym Sagoz the Greedy
  2499 | D:3      | Noticed Terence
  2514 | D:3      | Killed Terence
  2515 | D:3      | Reached skill level 5 in Armour
  2515 | D:3      | Reached XP level 5. HP: 27/46 MP: 4/4
  2590 | D:3      | Noticed Ijyb
  2595 | D:3      | Noticed Jessica
  2604 | D:3      | Killed Ijyb
  2612 | D:3      | Killed Jessica
  2821 | D:4      | Found a broken altar of Ashenzari.
  2827 | D:4      | Reached XP level 6. HP: 42/53 MP: 5/5
  3140 | D:4      | Reached XP level 7. HP: 28/60 MP: 6/6
  3480 | D:4      | Found a basalt altar of Yredelemnul.
  4113 | D:3      | Bought a glowing scale mail for 140 gold pieces
  4227 | D:4      | Reached skill level 1 in Throwing
  4390 | D:5      | Entered Level 5 of the Dungeon
  4399 | D:5      | Reached skill level 5 in Shields
  4586 | D:5      | Found a shimmering blue altar of Sif Muna.
  4634 | D:5      | Reached skill level 5 in Maces & Flails
  4649 | D:5      | Found a glowing golden altar of the Shining One.
  4733 | D:5      | Noticed Grinder
  4747 | D:5      | Killed Grinder
  4748 | D:5      | Reached XP level 8. HP: 41/67 MP: 7/7
  5412 | D:5      | Reached skill level 5 in Fighting
  5412 | D:5      | Reached skill level 1 in Stealth
  5432 | D:5      | Found a runed translucent door.
  5433 | D:5      | Noticed Crazy Yiuf
  5448 | D:5      | Killed Crazy Yiuf
  6123 | D:6      | Found a staircase to the Ecumenical Temple.
  6361 | D:6      | Found a sparkling altar of Nemelex Xobeh.
  6368 | D:6      | Reached skill level 1 in Axes
  6807 | D:7      | Reached XP level 9. HP: 68/74 MP: 8/8
  6830 | D:7      | Found a sand-covered staircase.
  6836 | Ossuary  | Entered an ossuary
  8084 | D:7      | Reached XP level 10. HP: 79/86 MP: 9/9
  8104 | D:7      | Noticed a gargoyle
  8139 | D:7      | HP: 3/86 [gargoyle/stone arrow (18)]
  8529 | D:7      | Killed a gargoyle
  8697 | D:7      | Reached skill level 5 in Dodging
  8718 | D:7      | Reached skill level 10 in Maces & Flails
  8844 | D:7      | Noticed Dowan
  8845 | D:7      | Noticed Duvessa
  8853 | D:7      | Killed Dowan
  8870 | D:7      | Killed Duvessa
  9088 | D:8      | Noticed a two-headed ogre
  9100 | D:8      | Killed a two-headed ogre
  9259 | D:8      | Found Ruusch's Distillery.
  9342 | D:8      | Bought a potion of heal wounds for 50 gold pieces
  9342 | D:8      | Bought a potion of experience for 500 gold pieces
  9342 | D:8      | Bought a potion of heal wounds for 50 gold pieces
  9342 | D:8      | Reached skill level 10 in Armour
  9342 | D:8      | Reached XP level 11. HP: 95/95 MP: 10/10
  9760 | D:8      | HP: 4/95 [electric eel/bolt of electricity (9)]
  9761 | D:8      | Killed from afar by an electric eel

Illustrated notes

Levels and vault maps discovered:
D:1:      psy_arrival_conway, layout_basic
D:2:      layout_rooms, kennysheep_another_room, st_stairs_1,
          serial_bayou_pond_a, minivault_26
D:3:      layout_loops_ring, minmay_overflow_temple_hex, serial_shops,
          nicolae_shop_back_alley_shop, uniq_terence, uniq_ijyb, uniq_jessica
D:4:      layout_cave_pools, mainiacjoe_overflow_chevrons,
          mainiacjoe_overflow_alcove_2, minmay_bent
D:5:      layout_loops_ring, nicolae_overflow_crystal_walls,
          lemuel_blue_sif_altar, uniq_crazy_yiuf_cottage, uniq_grinder
D:6:      layout_rooms, mainiacjoe_overflow_concentric_impassable,
          minmay_temple_entry_enclosed_plants, kennysheep_crisscross
D:7:      minmay_thinvault, layout_cave_pools, nicolae_ossuary_entry_plus,
          minmay_tree_intersection, corexii_checkpoint_a, nicolae_grassy_gnolls,
          uniq_duvessa
D:8:      layout_basic, mainiacjoe_overflow_brackets, serial_shops, shop, shop,
          grunt_ministairs_3, grunt_ogre_cave, minmay_misc_feat_square

Skill      XL: |  1  2  3  4  5  6  7  8  9 10 |
---------------+-------------------------------+-----
Armour         | 4 5 6 7 8 10 | 10.1
Fighting       | 4 5 7 8 |  8.8
Long Blades    | 3 |  3.7
Shields        | 4 5 6 7 9 |  9.8
Maces & Flails | 1 2 4 5 7 9 10 | 10.9
Dodging        | 1 2 3 4 7 |  7.1
Throwing       | 1 3 |  3.2
Stealth        | 1 4 |  4.2
Axes           | 1 |  1.4
Evocations     | |  0.6

Action                     |  1- 3 |  4- 6 |  7- 9 | 10-12 || total
---------------------------+-------+-------+-------+-------++-------
  Melee: Long sword        |    45 |       |       |       ||    45
         Headbutt          |    14 |    21 |   128 |    39 ||   202
         Whip              |    37 |   116 |   505 |   199 ||   857
         War axe           |       |       |    10 |       ||    10
  Throw: Stone             |       |     2 |       |     4 ||     6
         Dart              |       |     2 |     3 |    11 ||    16
  Evoke: Wand              |       |       |     3 |       ||     3
    Use: Potion            |     4 |       |     2 |     1 ||     7
         Scroll            |     3 |     8 |     7 |     1 ||    19
   Stab: Distracted        |       |       |     2 |     1 ||     3
 Armour: Scale mail        |    30 |       |   195 |    63 ||   288
         Chain mail        |    14 |    63 |    12 |       ||    89
  Dodge: Dodged            |    47 |    49 |   149 |    56 ||   301
  Block: Buckler           |    19 |    26 |    31 |       ||    76
         Kite shield       |       |       |   177 |   120 ||   297
